[Event "*** Titled Tuesday Blitz"]
[Site "Chess.com"]
[Date "2019.04.02"]
[Round "4"]
[White "HiHaruka"]
[Black "Vusatiuk_Vladimir"]
[Result "0-1"]
[WhiteElo "2223"]
[BlackElo "2166"]
[TimeControl "180+2"]
[EndTime "14:50:50 PDT"]
[Termination "Vusatiuk_Vladimir won by checkmate"]

1. d4 Nf6 2. c4 e6 3. Nf3 b6 4. g3 Bb7 5. Bg2 Bb4+ 6. Bd2 c5 7. Bxb4 cxb4 8. a3 Qe7 9. O-O O-O 10. Qb3 Nc6 11. Nbd2 bxa3 12. Rxa3 Na5 13. Qc2 Rfc8 14. Rc3 Rc7 15. c5 Nd5 16. cxb6 Rxc3 17. bxc3 Nxb6 18.
Ra1 Nac4 19. Nxc4 Nxc4 20. Ng5 Qxg5 21. Bxb7 Rb8 22. Rxa7 d5 23. Ba6 Nd6 24. Bd3 g6 25. Qa4 Qc1+ 26. Kg2 Qxc3 27. Ra6 Nf5 28. Bxf5 gxf5 29.
Ra7 Qd2 30. Qd7 Rf8 31. Qe7 Qxd4 32. Qg5+ Kh8 33. Re7 Qg7 34. Qf4 Qf6 35. Qc7 Kg8 36.
Rd7 Ra8 37. Qb7 Rf8 38. Qb4 Rc8 39. h4 Rc4 40. Qb8+ Kg7 41. Rd8 f4 42. Rg8+ Kh6 43.
Qf8+ Kh5 44. Rh8 h6 45. g4+ Kxg4 46. Rxh6 f3+ 47. Kh2 Qf4+ 48. Kg1 Rc1# 0-1

[Event "*** Titled Tuesday Blitz"]
[Site "Chess.com"]
[Date "2019.04.02"]
[Round "4"]
[White "Chessmatus"]
[Black "krzysztofszczurek"]
[Result "0-1"]
[WhiteElo "2340"]
[BlackElo "2405"]
[TimeControl "180+2"]
[EndTime "14:50:53 PDT"]
[Termination "krzysztofszczurek won by resignation"]

1. d4 Nf6 2. c4 g6 3. Nc3 Bg7 4.
e4 O-O 5. Be2 d6 6. Be3 e5 7. d5 Nbd7 8. g4 Nc5 9. f3 a5 10. h4 h5 11. g5 Nfd7 12. Qd2 b6 13.
Nh3 Ba6 14. Nf2 Rb8 15. O-O-O Qe7 16. Nb5 Rfc8 17. Kb1 Bxb5 18. cxb5 Nf8 19. Rc1 Nfd7 20. Rhg1 Re8 21. Rc3 Rbc8 22. Bc4 Ra8 23. b3 Ra7 24. Rcc1 Raa8 25. Nd1 Kh7 26. Nc3 Rf8 27. Rg2 Rfe8 28. Rf1 Rad8 29. Kb2 Ra8 30. a3 Ra7 31. Qd1 Rea8 32.
Rc2 Qe8 33. Qe2 Qe7 34. Ra1 Qe8 35. Qd2 Qe7 36. Rcc1 Qe8 37. Rg1 Qe7 38. Qd1 Qe8 39. Ra2 Qe7 40. b4 Nb7 41. Rg2 Rf8 42. Qd2 Qd8 43.
Qc1 Qe7 44. Rc2 f6 45. Be2 fxg5 46. Bxg5 Bf6 47. Nd1 Bxg5 48. hxg5 axb4 49. axb4 Rxa2+ 50. Kxa2 Ra8+ 51. Kb1 Ra4 52. Rxc7 Rxb4+ 53. Nb2 Nbc5 54.
Qc3 Rd4 55. Nc4 Qxg5 56. Nxd6 Qg1+ 57. Ka2 Qf2 58. Qc2 Kh6 59. Nb7 Qe3 60. Nxc5 Rd2 61. Kb1 Rxc2 62. Kxc2 Qxe2+ 63. Kb3 Nxc5+ 64. Rxc5 bxc5 65. b6 Qb5+ 0-1

[Event "*** Titled Tuesday Blitz"]
[Site "Chess.com"]
[Date "2019.04.02"]
[Round "4"]
[White "SlavenPastar"]
[Black "Oleg_Papayan"]
[Result "0-1"]
[WhiteElo "2461"]
[BlackElo "2512"]
[TimeControl "180+2"]
[EndTime "14:50:53 PDT"]
[Termination "Oleg_Papayan won by resignation"]

1. d4 Nf6 2. c4 e6 3. Nf3 Bb4+ 4. Bd2 a5 5. a3 Bxd2+ 6. Qxd2 d6 7. Nc3 Nbd7 8. e4 e5 9. Bd3 O-O 10. O-O Qe7 11. Bc2 Re8 12. b4 axb4 13. axb4 Rxa1 14.
Rxa1 exd4 15. Nxd4 Ne5 16. Bb3 Nc6 17. Nxc6 bxc6 18.
Bc2 Be6 19. Bd3 Nd7 20. f4 f6 21. h3 Rb8 22. Ra7 Qd8 23. Ne2 Ra8 24. Qa2 Rb8 25. Nd4 Qe8 26. Nxc6 Rc8 27. Qa6 Nb6 28. b5 Bd7 29. Nd4 g5 30. f5 Qe5 31. Nf3 Qc3 32. Bf1 h5 33. Qa2 Kh8 34. Ra3 Qb4 35. Rb3 Qc5+ 36. Kh2 Re8 37. Qb2 Kg7 38. Nxg5 Re5 39. Nf3 Rxe4 40. Rd3 Bxf5 41. Rd2 Rxc4 42. Be2 Rc3 43.
Bf1 Be4 44. Rf2 Nd5 45. Ng5 fxg5 46. Qd2 Qe3 47. Qb2 Kg6 48. Qa2 Qg3+ 49. Kg1 Qe3 50. Kh2 h4 51. Kg1 Rc2 52. Qxc2 Bxc2 0-1

[Event "*** Titled Tuesday Blitz"]
[Site "Chess.com"]
[Date "2019.04.02"]
[Round "4"]
[White "Artooooo"]
[Black "AttilaTurzo"]
[Result "1/2-1/2"]
[WhiteElo "2724"]
[BlackElo "2560"]
[TimeControl "180+2"]
[EndTime "14:50:57 PDT"]
[Termination "Game drawn by repetition"]

1. d4 Nf6 2. c4 e6 3. Nf3 c5 4.
g3 cxd4 5. Nxd4 a6 6. Bg2 Qc7 7.
b3 Be7 8. O-O O-O 9. Bb2 d6 10.
Nc3 Nc6 11. Rc1 Ne5 12. h3 Rb8 13. Kh2 Ned7 14. Qd2 Re8 15. a4 Nc5 16. b4 Ncd7 17.
a5 Ne5 18. Ncb5 axb5 19. Nxb5 Qd7 20. Qc3 b6 21. f4 Ng6 22. axb6 Rxb6 23. Rfd1 Bb7 24.
Qe3 Rxb5 25. cxb5 Bxg2 26. Kxg2 Qxb5 27. Bxf6 Bxf6 28. Rb1 d5 29. Qd3 Rb8 30. Rdc1 h6 31.
Rc8+ Nf8 32. Rxb8 Qxb8 33. b5 Nd7 34. Qc2 Bd8 35. Qc6 Nb6 36. Ra1 Bc7 37. Ra6 Kh7 38. e3 Kg8 39. Kf3 Kh7 40. h4 g6 41. Qc5 h5 42. Qc6 Kg7 43. Qc3+ Kg8 44. Qc6 Kg7 45. Ra2 Kg8 46. Rc2 Nc4 47. Ra2 Nb6 48. Qc5 Bd6 49. Qc6 Bc7 50. Ra6 Bd8 51. Qc5 Bc7 52. Qc6 1/2-1/2

[Event "*** Titled Tuesday Blitz"]
[Site "Chess.com"]
[Date "2019.04.02"]
[Round "4"]
[White "regular_legs"]
[Black "Kimster98"]
[Result "1/2-1/2"]
[WhiteElo "2444"]
[BlackElo "2600"]
[TimeControl "180+2"]
[EndTime "14:50:57 PDT"]
[Termination "Game drawn - insufficient material"]

1. d4 Nf6 2. c4 e6 3. Nc3 Bb4 4. Qc2 O-O 5. Nf3 d6 6. Bd2 Nbd7 7. a3 Bxc3 8. Bxc3 Qe7 9. e3 b6 10. Bd3 Bb7 11. O-O e5 12. Nd2 a5 13. b4 axb4 14.
axb4 c5 15. bxc5 bxc5 16. d5 Rfb8 17. Rfb1 Qd8 18. h3 g6 19. Rxa8 Bxa8 20. Rxb8 Qxb8 21. g3 Ne8 22. f4 Bb7 23. Kf2 Bc8 24. Nf3 f6 25. g4 Qc7 26. Kg3 Kf7 27. h4 Ng7 28. Qh2 f5 29. h5 fxg4 30. hxg6+ hxg6 31. Ng5+ Kf6 32. Qh4 Nh5+ 33. Kg2 Qa7 34. Ne4+ Kg7 35. Qe7+ Kh6 36. Qxd6 Qa2+ 37. Nd2 Qa6 38. fxe5 Qxd6 39. exd6 g5 40. e4 Nf4+ 41. Kg3 Nxd3 42. Kxg4 N7e5+ 43. Kg3 Kg6 44. Nf3 Nxf3 45. Kxf3 Kf7 46. e5 Bf5 47. Ke3 Nf4 48. e6+ Bxe6 49. dxe6+ Kxe6 50. Ke4 Ng6 51. Bd2 g4 52. Be3 Ne5 53. Bxc5 Nxc4 54. Kf4 Nxd6 55.
Bxd6 g3 56. Kxg3 1/2-1/2

[Event "*** Titled Tuesday Blitz"]
[Site "Chess.com"]
[Date "2019.04.02"]
[Round "4"]
[White "Satscho"]
[Black "Mikhail_Golubev"]
[Result "1-0"]
[WhiteElo "2309"]
[BlackElo "2421"]
[TimeControl "180+2"]
[EndTime "14:50:58 PDT"]
[Termination "Satscho won on time"]

1. e4 c5 2. Nf3 d6 3. Bb5+ Bd7 4. Bxd7+ Nxd7 5. O-O Ngf6 6. Qe2 g6 7. c3 Bg7 8. d4 d5 9. e5 Ne4 10. Nbd2 Nxd2 11.
Bxd2 e6 12. Rfd1 c4 13. b3 b5 14. a4 a6 15. Bg5 Qc8 16. axb5 axb5 17. bxc4 bxc4 18.
Qb2 O-O 19. Qb5 Rb8 20. Qa5 Qc6 21.
Rdb1 Rxb1+ 22. Rxb1 Ra8 23. Qb4 Bf8 24. Be7 Qc7 25. Bxf8 Nxf8 26. h4 h6 27. Nh2 Nd7 28.
Qe7 Qd8 29. Qd6 Nf8 30. Qxd8 Rxd8 31. Ng4 Kg7 32. Kf1 Nd7 33. Rb7 h5 34. Ne3 Kf8 35. Ke2 Ke8 36. g4 Ra8 37. gxh5 gxh5 38. Rb2 Ra3 39. Kd2 Kd8 40. Ng2 Kc7 41. Nf4 Nb6 42. Nxh5 Na4 43. Rc2 Ra1 44. Ng3 Rb1 45. h5 Rb8 46. Ke3 Nb2 47. Kf4 Nd3+ 48. Kg5 Kd7 49. Kf6 Rg8 50. Kxf7 Rg4 51. h6 Rf4+ 52. Kg8 Nxf2 53. Nh5 Rg4+ 54. Ng7 Ne4 55. h7 1-0

[Event "*** Titled Tuesday Blitz"]
[Site "Chess.com"]
[Date "2019.04.02"]
[Round "4"]
[White "pastouche06"]
[Black "nutibara"]
[Result "1-0"]
[WhiteElo "2407"]
[BlackElo "2346"]
[TimeControl "180+2"]
[EndTime "14:51:02 PDT"]
[Termination "pastouche06 won on time"]

1. d4 d5 2. c4 c6 3. Nf3 Nf6 4. e3 Bf5 5. Nc3 e6 6. Nh4 Bg6 7. Be2 Nbd7 8. O-O Bd6 9. g3 Qe7 10. Bd2 a6 11. Rc1 Rd8 12. Qb3 Rb8 13. Rfd1 O-O 14.
Nxg6 hxg6 15. Be1 Rfe8 16. Qc2 dxc4 17. Bxc4 b5 18. Bf1 e5 19. Ne4 Nxe4 20. Qxe4 c5 21. dxc5 Nxc5 22. Qc6 Rbd8 23. Ba5 Rd7 24. Bb4 Nb7 25. Bh3 Rc7 26. Bxd6 Rxc6 27. Bxe7 Rxc1 28. Rxc1 Rxe7 29. Rc8+ Kh7 30. Rc6 a5 31. Rb6 b4 32.
Rb5 f5 33. g4 f4 34. Bg2 Nd6 35. Rxa5 Nc4 36. Rb5 Nxb2 37. Rxb4 Nd3 38. Rb6 Ne1 39. Be4 Rc7 40. Kf1 Rc1 41. Bxg6+ Kh6 42. Rb1 Rxb1 43. Bxb1 Nf3 44. Kg2 Nd2 45. Bc2 fxe3 46. fxe3 Nc4 47. Kf3 Na3 48. Bd3 Kg5 49. h3 Kh4 50. Kg2 g5 51. Kh2 e4 52. Bxe4 Nc4 53. a4 Nxe3 54.
a5 1-0

[Event "*** Titled Tuesday Blitz"]
[Site "Chess.com"]
[Date "2019.04.02"]
[Round "4"]
[White "Walter_White_Poland"]
[Black "Dare-Dare"]
[Result "1-0"]
[WhiteElo "2266"]
[BlackElo "2135"]
[TimeControl "180+2"]
[EndTime "14:51:03 PDT"]
[Termination "Walter_White_Poland won by resignation"]

1. e4 e6 2. d4 d5 3. Nc3 Bb4 4. e5 c5 5. a3 Bxc3+ 6. bxc3 Qa5 7. Qd2 Nc6 8. Nf3 Nge7 9. a4 cxd4 10. cxd4 Qxd2+ 11. Bxd2 Bd7 12. Bc3 Rc8 13. Kd2 f6 14. exf6 gxf6 15.
Bd3 Kf7 16. Rhe1 Ng6 17. g3 Rc7 18. h4 Rhc8 19. h5 Nf8 20. a5 a6 21. Rab1 Na7 22. Bb4 Bb5 23. Bd6 Rc6 24. Bxf8 Bxd3 25. Rxb7+ Kxf8 26. cxd3 Rc2+ 27. Ke3 R8c7 28. Rxc7 Rxc7 29. Rb1 Nb5 30. Nd2 Kf7 31. Nb3 e5 32. dxe5 fxe5 33. f4 d4+ 34. Kf3 Ke6 35. Re1 Kd6 36. Rxe5 Rc3 37.
Ke4 Rxb3 38. Rg5 Rb1 39. Rg7 Re1+ 40. Kf3 Re7 41. Rxe7 Kxe7 42. Ke4 Kd6 43. g4 Ke6 44. g5 Kf7 45. f5 Ke7 46. h6 Kf7 47. Kd5 Ke7 48.
g6 hxg6 49. h7 Kf6 50. h8=Q+ Kxf5 51. Qf8+ Kg5 52. Ke4 Kh5 53. Qh8+ Kg5 54. Qe5+ Kh6 55. Qh2+ Kg7 56. Qb8 Kf6 57. Qb6+ Kf7 58. Qxa6 Nc3+ 59. Kxd4 Ne2+ 60. Ke3 1-0

[Event "*** Titled Tuesday Blitz"]
[Site "Chess.com"]
[Date "2019.04.02"]
[Round "4"]
[White "albano87"]
[Black "advantageLucy"]
[Result "1/2-1/2"]
[WhiteElo "2310"]
[BlackElo "2492"]
[TimeControl "180+2"]
[EndTime "14:51:05 PDT"]
[Termination "Game drawn - insufficient material"]

1. e4 e6 2. d4 d5 3. Nc3 Bb4 4. Ne2 dxe4 5. a3 Bxc3+ 6. Nxc3 Nf6 7. Bg5 Nc6 8. Bb5 h6 9. Bxf6 Qxf6 10. Nxe4 Qg6 11.
Qf3 O-O 12. Bxc6 bxc6 13. O-O Rb8 14. b4 Rb5 15. Nc5 Qxc2 16. Qxc6 Rb8 17. Qxc7 Ra8 18. Nxe6 Qxc7 19. Nxc7 Rb8 20. d5 Rd8 21. Rfe1 Bb7 22.
Re7 Kf8 23. Rae1 a5 24. bxa5 Bxd5 25. Nxd5 Rxd5 26. a6 Ra5 27. a7 Ra8 28. g3 R5xa7 29. Rxa7 Rxa7 30. Re3 h5 31. Rb3 g6 32. Kg2 Ke7 33.
Kf3 Kd6 34. Kf4 Ra4+ 35. Kg5 Ra5+ 36. Kh6 Rf5 37. f4 h4 38. a4 Kc6 39. Rb5 hxg3 40.
hxg3 Rf6 41. Kg7 Rd6 42. Kxf7 Rd3 43. Kxg6 Rxg3+ 44. Rg5 Rf3 45. f5 Kd6 46. a5 Ra3 47. f6 Ke6 48. f7 Rf3 49. a6 Rf6+ 50. Kh7 Rxf7+ 51. Rg7 Rf1 52. Rg8 Ra1 53. Ra8 Kd7 54.
a7 Kc7 55. Kg7 Kb7 56. Rb8+ Kxa7 57. Rb2 Ra6 58. Kf7 Rb6 59. Rxb6 Kxb6 1/2-1/2

[Event "*** Titled Tuesday Blitz"]
[Site "Chess.com"]
[Date "2019.04.02"]
[Round "4"]
[White "MathiasWomacka"]
[Black "GCamachoMartinez"]
[Result "1/2-1/2"]
[WhiteElo "2262"]
[BlackElo "2356"]
[TimeControl "180+2"]
[EndTime "14:51:13 PDT"]
[Termination "Game drawn by agreement"]

1. e4 e5 2. Nf3 Nf6 3. Nxe5 d6 4. Nf3 Nxe4 5. d4 d5 6. Bd3 Be7 7. O-O Nc6 8. c4 Nb4 9. Be2 O-O 10. Nc3 Bf5 11.
a3 Nxc3 12. bxc3 Nc6 13. Bf4 dxc4 14. Bxc4 Bd6 15. Bg3 Bxg3 16. hxg3 Na5 17. Ba2 c5 18. Re1 cxd4 19. Nxd4 Bd7 20. Qf3 Nc6 21. Rad1 Qf6 22. Qxf6 gxf6 23. Nb5 Rad8 24. Nd6 Bc8 25. Nxc8 Rxd1 26.
Rxd1 Rxc8 27. Rd7 Nd8 28. Bd5 Kf8 29. Bxb7 Nxb7 30. Rxb7 Rxc3 31. Rxa7 Rc1+ 32. Kh2 Rc2 33. f3 Kg7 34. g4 Kg6 35. Kg3 h6 36. a4 Ra2 37. a5 Kg7 38. a6 Kg6 39. Kf4 Rxg2 40. Rb7 Ra2 41. a7 Ra4+ 42. Ke3 f5 43.
gxf5+ Kxf5 44. Rxf7+ Kg6 45. Rb7 h5 46. Kf2 h4 47. Kg2 Ra3 48. Kh2 Kh6 49. f4 Kg6 50.
Kg2 Kf5 51. Rf7+ Kg4 52. Rg7+ Kxf4 53. Rf7+ Kg5 54. Rb7 1/2-1/2

[Event "*** Titled Tuesday Blitz"]
[Site "Chess.com"]
[Date "2019.04.02"]
[Round "4"]
[White "Andrew-FB00"]
[Black "zurzan"]
[Result "1-0"]
[WhiteElo "1855"]
[BlackElo "2038"]
[TimeControl "180+2"]
[EndTime "14:51:20 PDT"]
[Termination "Andrew-FB00 won by resignation"]

1. e4 d6 2. d4 Nf6 3. Nc3 Nbd7 4. Nf3 e5 5. dxe5 dxe5 6. Bg5 Be7 7. Bc4 c6 8. O-O h6 9. Bxf6 Bxf6 10. Re1 O-O 11. Bb3 Qc7 12. Qe2 Nc5 13. Rad1 Nxb3 14. axb3 Bg4 15. h3 Bh5 16. g4 Bg6 17. Rd2 Rad8 18.
Red1 Rxd2 19. Rxd2 Rd8 20. Rxd8+ Qxd8 21. Qd3 Qa5 22.
Qd1 Qc5 23. Qd7 Qb4 24. Qe8+ Kh7 25. Nxe5 Bxe4 26. Nxf7 Bxc2 27. Qe3 Qe7 28. Qxe7 Bxe7 29. Ne5 Bxb3 30. f4 Bf6 31. Nd3 Bd4+ 32. Kg2 c5 33.
Nb5 Bd5+ 34. Kg3 Bc4 35. Nxd4 cxd4 36. Nf2 a5 37. Ne4 b5 38. Kf2 Kg6 39. Nd2 Bd5 40. Ke2 Bc4+ 41. Kf3 Kf6 42. Ke4 d3 43. b3 Bf7 44. Kxd3 Ke7 45. Kd4 Kd6 46. Ne4+ Kc6 47. Nd2 g6 48. h4 a4 49. bxa4 bxa4 50. f5 g5 51. hxg5 hxg5 52. Nf3 a3 53. Kc3 Bg8 54. Nxg5 Kd6 55. Nf3 Kd5 56. g5 Ke4 57. f6 Kxf3 58. g6 Kf4 59. f7 Bxf7 60. gxf7 Ke5 61. f8=Q 1-0

[Event "*** Titled Tuesday Blitz"]
[Site "Chess.com"]
[Date "2019.04.02"]
[Round "4"]
[White "BlueWizzard"]
[Black "beatles_22"]
[Result "0-1"]
[WhiteElo "2709"]
[BlackElo "2644"]
[TimeControl "180+2"]
[EndTime "14:51:25 PDT"]
[Termination "beatles_22 won by resignation"]

1. e4 e5 2. Nf3 Nc6 3. Bb5 a6 4.
Ba4 Nf6 5. Qe2 b5 6. Bb3 Bc5 7. a4 Rb8 8. d3 O-O 9. axb5 axb5 10. Bg5 h6 11. Bh4 Be7 12. O-O d6 13. h3 Nh5 14. Bg3 Nxg3 15. fxg3 Be6 16. Nc3 Bxb3 17.
cxb3 Nd4 18. Nxd4 exd4 19. Nd5 c6 20. Nf4 Bf6 21. Ra6 Qd7 22. Rc1 Rfc8 23. Qc2 c5 24. Rca1 Be5 25. Qd2 c4 26. Ra7 Rb7 27. Rxb7 Qxb7 28. bxc4 bxc4 29. dxc4 Qxe4 30. Re1 Qb7 31.
Rc1 Qb3 32. Nd3 Bxg3 33. Qc2 Qb7 34. b4 Bh4 35. c5 dxc5 36. bxc5 Bg5 37. Rb1 Be3+ 38.
Kh1 Qe4 39. Qc4 Qe6 40. Qb5 Qc6 41. Qxc6 Rxc6 42. Rb6 Rc8 43. g3 Kf8 44. Kg2 Ke7 45. Rb7+ Ke6 46. Kf3 Kd5 47. Rxf7 Kc4 48. Ne5+ Kxc5 49.
Rxg7 Kd5 50. Nd3 Rc3 51. Ke2 Rc2+ 52. Kf3 Rc3 53. Ke2 Rc2+ 54. Kf3 Rc3 55. Nf4+ Bxf4+ 56. Kxf4 d3 57. Rh7 Rc6 58. Ke3 Kc4 59. Re7 Kc3 60.
g4 d2 61. Rd7 Re6+ 62. Kf4 Kc2 63. Kf5 Re3 64. Rxd2+ Kxd2 65. h4 Rh3 66. h5 Ke3 67. g5 Rxh5 0-1

[Event "*** Titled Tuesday Blitz"]
[Site "Chess.com"]
[Date "2019.04.02"]
[Round "4"]
[White "bugsbunny444"]
[Black "Orest_Vovk"]
[Result "0-1"]
[WhiteElo "2481"]
[BlackElo "2341"]
[TimeControl "180+2"]
[EndTime "14:51:26 PDT"]
[Termination "Orest_Vovk won by resignation"]

1. Nf3 h6 2. e4 g5 3. d4 Bg7 4. h3 c5 5. dxc5 Qa5+ 6. c3 Qxc5 7. Na3 d6 8. Be3 Bxc3+ 9. Ke2 Qb4 10. bxc3 Qxa3 11.
Qb3 Qxb3 12. axb3 Be6 13. Nd4 Nc6 14. Nxe6 fxe6 15. Kd2 Nf6 16. f3 d5 17. Bd3 Kf7 18. Ra4 Rhd8 19. Ke2 e5 20. exd5 Nxd5 21. Bd2 Nf4+ 22.
Bxf4 gxf4 23. Be4 Rg8 24. Kf2 Rad8 25. Ra2 Rd6 26. Re1 a6 27. Bxc6 Rxc6 28. c4 Kf6 29. Rae2 Re6 30. Rd1 h5 31. Rd5 h4 32. c5 Rg5 33. b4 b6 34. Rc2 bxc5 35. bxc5 Rc6 36. Kf1 Rg8 37. Rd3 Rgc8 38. Ra3 Rxc5 39. Rxa6+ e6 40.
Rxc5 Rxc5 41. Ra8 Rc1+ 42. Kf2 e4 43. fxe4 Ke5 44. Rh8 Kxe4 45. Rxh4 Rc2+ 46. Kg1 e5 47. Rh8 Ke3 48. Re8 e4 49. h4 Rc5 50. Kh2 Rc2 51. Kh3 Rc1 52. h5 Rh1+ 53. Kg4 Rh2 54. Kf5 Rxh5+ 55.
Kg4 Rb5 56. Rf8 Rb7 57. Re8 Rf7 58. Re7 Rxe7 0-1

[Event "*** Titled Tuesday Blitz"]
[Site "Chess.com"]
[Date "2019.04.02"]
[Round "4"]
[White "Zavgorodniy_Serg"]
[Black "ChessicallyInclined"]
[Result "1-0"]
[WhiteElo "2470"]
[BlackElo "2519"]
[TimeControl "180+2"]
[EndTime "14:51:27 PDT"]
[Termination "Zavgorodniy_Serg won on time"]

1. e4 d6 2. d4 Nf6 3. Nc3 g6 4. g3 Bg7 5. Bg2 O-O 6. Nge2 c6 7.
a4 a5 8. O-O e5 9. h3 Nbd7 10.
Be3 Qc7 11. g4 Re8 12. Ng3 exd4 13. Bxd4 Nc5 14. Qd2 b6 15. Rad1 Ba6 16. Rfe1 Rad8 17. f4 b5 18. g5 Nfd7 19. Bxg7 Kxg7 20. Qxd6 Qxd6 21. Rxd6 b4 22. Nd1 Nxa4 23. b3 Nac5 24. Rxc6 Bb7 25. Rc7 Rc8 26. Rxc8 Rxc8 27. Ne3 a4 28.
bxa4 Nxa4 29. Rb1 Rc3 30. Kf2 b3 31. Rxb3 Rxb3 32. cxb3 Nac5 33. Nc4 Nxb3 34. Nd6 Bc6 35. Bf1 Nbc5 36. Bc4 f6 37. gxf6+ Kxf6 38. e5+ Nxe5 39. fxe5+ Kxe5 40. Nf7+ Kf4 41. Ne2+ Ke4 42. Ng5+ Kf5 43. Nxh7 Ne4+ 44. Ke3 Ke5 45. Nf4 g5 46. Nd3+ Kf5 47. Ba6 Bd7 48. Nf8 Bc6 49. Bc8+ Kf6 50. Bg4 Ke7 51. Ng6+ Kf6 52. Nge5 Bb7 53. Nf3 Nd6 54. Nd2 Nf5+ 55. Kf2 Nh6 56. Nc5 Bc6 57. Nce4+ Ke5 58.
Ke3 Nf5+ 59. Kd3 Kf4 60. Nf6 Ng7 61. Nc4 Kg3 62. Ne4+ Kh4 63. Ne5 Bxe4+ 64. Kxe4 Ne8 65. Kf3 1-0

[Event "*** Titled Tuesday Blitz"]
[Site "Chess.com"]
[Date "2019.04.02"]
[Round "4"]
[White "Cruel_Yaro"]
[Black "Micki-taryan"]
[Result "1/2-1/2"]
[WhiteElo "2682"]
[BlackElo "2954"]
[TimeControl "180+2"]
[EndTime "14:51:31 PDT"]
[Termination "Game drawn by agreement"]

1. Nf3 d5 2. g3 Nc6 3. d4 Bf5 4. Bg2 Nb4 5. Na3 e6 6. O-O Be7 7. Ne5 Nf6 8. c3 Nc6 9. Qa4 a6 10. Nxc6 Qd7 11. Bf4 bxc6 12. Nc2 O-O 13. Nb4 c5 14. Qxd7 Nxd7 15. Nc6 Bf6 16. f3 g5 17.
Bc1 Bg6 18. e4 cxd4 19. Nxd4 c5 20. Ne2 Rab8 21. Rd1 Nb6 22. exd5 Nxd5 23. f4 Bh5 24. fxg5 Bxc3 25. bxc3 Bxe2 26. Re1 Bc4 27. Ba3 Rfc8 28. Kf2 Nxc3 29. Rec1 Nb5 30. Bb2 Bd5 31. Be5 Rb7 32.
Bf1 c4 33. Rab1 Rd7 34. a4 Nd6 35. h4 Ne4+ 36. Ke3 Nd6 37. g4 Nb7 38. Rb6 Nc5 39.
Bxc4 Nxa4 40. Rxa6 Nc5 41. Bb5 Rdd8 42. Ra7 Nb3 43.
Rxc8 Rxc8 44. Bd3 Nc5 45. Bb1 Nb7 46. h5 Nd8 47. g6 hxg6 48. hxg6 Ra8 49. Re7 Nc6 50.
gxf7+ Kf8 51. Re8+ Rxe8 52. fxe8=Q+ Kxe8 53. Bg6+ Ke7 54. Bg3 e5 55. Bh4+ Ke6 56. Bf5+ Kf7 57. g5 Ne7 58.
Bd3 Be6 59. Bg3 Bf5 60. Bc4+ Be6 61. Bd3 Nf5+ 62. Bxf5 Bxf5 63. Bxe5 Kg6 64. Bf6 Be6 65. Kf4 Bd7 66. Kg3 Be6 67. Kf2 Bf7 68. Ke3 Be6 69. Kd4 Bf5 70. Kc5 Bb1 71. Kd6 Bf5 1/2-1/2

[Event "*** Titled Tuesday Blitz"]
[Site "Chess.com"]
[Date "2019.04.02"]
[Round "4"]
[White "SabinaFoisor"]
[Black "dopolian"]
[Result "1/2-1/2"]
[WhiteElo "2186"]
[BlackElo "2186"]
[TimeControl "180+2"]
[EndTime "14:51:31 PDT"]
[Termination "Game drawn - insufficient material"]

1. d4 Nf6 2. c4 c5 3. e3 cxd4 4. exd4 d5 5. Nf3 Nc6 6. Nc3 e6 7. Bg5 Be7 8. Be2 O-O 9. O-O dxc4 10. Bxc4 Nd5 11. Bxe7 Ncxe7 12. Qd3 a6 13. a3 b5 14.
Ba2 Bb7 15. Rad1 Rc8 16. Bb1 g6 17. Rfe1 Nxc3 18. bxc3 Qa5 19. Rc1 Qxa3 20. Ng5 Bd5 21. Qh3 h5 22. Be4 Bxe4 23. Nxe4 Nd5 24. g4 hxg4 25.
Qxg4 Qe7 26. Nc5 Rc6 27. h4 Kh7 28. Re5 f5 29. Qg5 Qxg5+ 30. hxg5 Nf4 31. Ra1 Ra8 32. Kh2 a5 33. Kg3 Nd5 34. Nxe6 Rxc3+ 35. f3 Re3 36. Rh1+ Kg8 37. Rxd5 Rxe6 38. Rxb5 Re7 39. Ra1 a4 40. Ra3 Rd7 41. Rb4 Rda7 42. Kf4 Ra5 43. Ke3 Kf7 44. Kd3 Ke7 45. Rb6 Kf7 46. Kc4 Rd8 47. Rb4 Rad5 48. Kc3 Rc8+ 49. Rc4 Rxc4+ 50. Kxc4 Ra5 51. Kb4 Rd5 52.
Kc4 Ra5 53. Kb4 Rd5 54. Rd3 Ke6 55. Kxa4 f4 56. Kb4 Kf5 57. Kc4 Rd8 58. d5 Kxg5 59.
d6 Kf5 60. Kd5 g5 61. Rd1 g4 62. fxg4+ Kxg4 63. Ke6 Kf3 64. Ke7 Rxd6 65. Kxd6 Ke2 66.
Ra1 f3 67. Ke5 f2 68. Ra2+ Ke1 69. Ke4 f1=Q 70. Ra1+ Ke2 71. Rxf1 Kxf1 1/2-1/2

[Event "*** Titled Tuesday Blitz"]
[Site "Chess.com"]
[Date "2019.04.02"]
[Round "4"]
[White "Jospem"]
[Black "moro182"]
[Result "1/2-1/2"]
[WhiteElo "2785"]
[BlackElo "2767"]
[TimeControl "180+2"]
[EndTime "14:51:32 PDT"]
[Termination "Game drawn - insufficient material"]

1. c4 e6 2. Nf3 d5 3. g3 Nf6 4. Bg2 dxc4 5. O-O a6 6. a4 Nc6 7. Na3 Na5 8. Qc2 Bxa3 9. Rxa3 O-O 10. d3 cxd3 11. Rxd3 Qe7 12. Ne5 Nd5 13. Bd2 Nc6 14. Nxc6 bxc6 15. Qxc6 Rb8 16. b3 Bb7 17. Qc1 c5 18.
Rd1 Rfc8 19. Be1 h6 20. e4 Nf6 21. f3 c4 22. bxc4 Qc5+ 23. Bf2 Qxc4 24. Qxc4 Rxc4 25. a5 Bc6 26. Bb6 Bb5 27. Bf1 Ra4 28. Rd4 Rxd4 29. Rxd4 Bxf1 30. Kxf1 Rc8 31. Rd6 Rc3 32. Kg2 Rc2+ 33.
Bf2 Ra2 34. Rxa6 Nd7 35. Ra8+ Kh7 36. g4 Ne5 37. Kg3 Ra3 38. a6 Nxf3 39. Kg2 Nd2 40. a7 Nxe4 41. Bb6 Ra2+ 42. Kg1 Ra1+ 43. Kg2 Ra2+ 44. Kf3 Nd2+ 45. Kg3 Nc4 46. Bc5 Nd2 47. Kf4 Ra4+ 48. Ke3 Ne4 49. Bb6 Nd6 50. Ke2 Ra2+ 51. Kd3 Ra3+ 52. Kc2 Nb5 53. Kb2 Ra6 54. Bc5 e5 55. Kb3 e4 56. Kb4 Nxa7 57. Rxa7 Rxa7 58.
Bxa7 Kg6 59. Be3 f5 60. gxf5+ Kxf5 61. h3 g5 62. Kc3 h5 63. Kd4 h4 64. Bf2 g4 65.
hxg4+ Kxg4 66. Bxh4 Kxh4 67. Kxe4 1/2-1/2

[Event "*** Titled Tuesday Blitz"]
[Site "Chess.com"]
[Date "2019.04.02"]
[Round "4"]
[White "Medvegy"]
[Black "Dedic8"]
[Result "0-1"]
[WhiteElo "2535"]
[BlackElo "2715"]
[TimeControl "180+2"]
[EndTime "14:51:33 PDT"]
[Termination "Dedic8 won by resignation"]

1. Nf3 d5 2. e3 Nf6 3. c4 e6 4.
Nc3 c5 5. cxd5 exd5 6. d4 Nc6 7.
Bb5 a6 8. Bxc6+ bxc6 9. O-O cxd4 10. exd4 Be7 11. Ne5 Bd7 12. Be3 O-O 13. Rc1 Be8 14. Na4 Rc8 15. Nc5 Qb6 16. b3 Rd8 17.
Qd3 Qb5 18. a4 Qxd3 19. Nexd3 Ra8 20. Rfe1 Ne4 21. Bf4 Nxc5 22. dxc5 Ra7 23. Bd6 Bxd6 24. cxd6 f6 25. Nc5 Bg6 26. f3 Rd8 27. Re7 Rxe7 28.
dxe7 Re8 29. Nxa6 Rxe7 30. Rxc6 d4 31. Rd6 d3 32. Nc5 Re2 33. Kf1 Rb2 34. a5 Kf7 35. a6 Ra2 36. b4 Ke7 37. Rd7+ Ke8 38. b5 d2 39. Ke2 Bf7 40. Rxd2 Bc4+ 41. Ke3 Ra3+ 42.
Kd4 Bxb5 43. Rb2 Bxa6 44. Rb8+ Kf7 45. Ra8 Ra2 46. Ra7+ Kg6 47. Rxa6 Rxg2 48. Ra7 Kf5 49. Ke3 g5 50. Rxh7 Rc2 51. Ne4 Kg6 52. Rd7 f5 53.
Rd6+ Kh5 54. Nf6+ Kh4 55. Rd8 Rxh2 56. Rh8+ Kg3 57. Ne4+ fxe4 58. Rxh2 Kxh2 59. fxe4 g4 0-1

[Event "*** Titled Tuesday Blitz"]
[Site "Chess.com"]
[Date "2019.04.02"]
[Round "4"]
[White "Sashadav97"]
[Black "2165149677570"]
[Result "0-1"]
[WhiteElo "2515"]
[BlackElo "2379"]
[TimeControl "180+2"]
[EndTime "14:51:36 PDT"]
[Termination "2165149677570 won by resignation"]

1. d4 Nf6 2. c4 e6 3. Nc3 Bb4 4.
e3 b6 5. Bd3 Bb7 6. Nf3 c5 7. O-O O-O 8. Na4 d6 9. a3 Ba5 10. Rb1 Na6 11. b3 Bc6 12. Bb2 Qc7 13. Qc2 h6 14. e4 cxd4 15. b4 Bxb4 16. Bxd4 Bxa4 17. Qxa4 Nc5 18. Qxb4 Nxd3 19. Qc3 Nf4 20. Qd2 e5 21. Be3 Nxe4 22. Qc2 Nc3 23. Bxf4 Nxb1 24. Bc1 Nxa3 25. Bxa3 Rfc8 26. Qd2 Qxc4 27. Qxd6 e4 28. Ne5 Qc7 29. Qd4 Qb7 30. Bb2 f6 31. Ng4 Rf8 32. Re1 Rad8 33. Qc3 Qd5 34. Ne3 Qd3 35. Qc6 Qd2 36. Rb1 Qd3 37. Rc1 Kh7 38. h4 Rc8 39. Qxc8 Rxc8 40. Rxc8 Qb1+ 41. Bc1 a5 42. Kh2 a4 43. h5 Qb5 44. g4 Qe5+ 45. Kg2 b5 46. Nf5 Qd5 47. Kg3 Qd3+ 48. Be3 Qe2 49. Rc7 Qf3+ 50.
Kh2 Qxg4 51. Rxg7+ Qxg7 52. Nxg7 Kxg7 53. Bc5 Kf7 54. Kg3 Ke6 55. Kf4 Kd5 56. Be7 Ke6 57. Bb4 f5 58. Bf8 Kf6 59. Bxh6 a3 60. Bg5+ Ke6 61.
Bh6 Kf7 62. Kxf5 a2 0-1